 Dungeon Crawl Stone Soup version 0.21.1-1-g345015f (webtiles) character file.

88 Harpaggios the Magician (level 4, -1/21 HPs)
             Began as a Vine Stalker Transmuter on Mar 18, 2018.
             Succumbed to a kobold's poison
             ... on level 3 of the Dungeon on Mar 19, 2018.
             The game lasted 00:17:11 (2667 turns).

Harpaggios the Magician (Vine Stalker Transmuter)   Turns: 2667, Time: 00:17:11

Health: -1/21      AC:  3    Str: 12    XL:     4   Next: 53%
Magic:  10/10      EV: 12    Int: 13    God:
Gold:   116        SH:  0    Dex: 16    Spells: 7/10 levels left

rFire    . . .     SeeInvis .     - Unarmed
rCold    . . .     Gourm    .   (no shield)
rNeg     . . .     Faith    .   b - +1 robe
rPois    .         Spirit   +   (no helmet)
rElec    .         Reflect  .   (no cloak)
rCorr    .         Harm     .   (no gloves)
MR       .....                  (boots currently unavailable)
Stlth    +.........             (no amulet)
HPRegen  0.47/turn              (no ring)
MPRegen  0.12/turn              (no ring)

@: lethally poisoned (-1 -> -17), appendage (expiring)
A: fangs 2, talons 3, regeneration 1, magic shield, antimagic bite, no potion
heal 3, rot immunity
a: End Transformation


You were on level 3 of the Dungeon.
You were hungry.
You had grown temporary talons.
You visited 1 branch of the dungeon, and saw 3 of its levels.

You collected 116 gold pieces.

Inventory:

Missiles
 a - 33 arrows
Armour
 b - a +1 robe (worn)
Jewellery
 e - an uncursed ring of fire
Books
 c - a book of Changes

   Spells                             Type                      Level
   a - Beastly Appendage              Transmutation                1
   b - Sticks to Snakes               Transmutation                2
   c - Spider Form                    Transmutation/Poison         3
   d - Ice Form                       Ice/Transmutation            4
   e - Blade Hands                    Transmutation                5
Comestibles
 d - 4 rations


   Skills:
 - Level 0.8 Fighting
 - Level 1.5 Dodging
 - Level 3.0 Unarmed Combat
 + Level 3.6 Spellcasting
 + Level 3.5 Transmutations


You had 7 spell levels left.
You knew the following spells:

 Your Spells              Type           Power        Failure   Level  Hunger
a - Beastly Appendage     Tmut           ##....       4%          1    #......
b - Sticks to Snakes      Tmut           ##......     8%          2    ##.....


Dungeon Overview and Level Annotations

Branches:
Dungeon (3/15)

Altars:


Innate Abilities, Weirdness & Mutations

You have extremely sharp teeth.
Your natural rate of healing is unusually fast.
When hurt, damage is shared between your health and your magic reserves.
Your bite disrupts and absorbs the magic of your enemies.
Potions cannot restore your health.
You are immune to rotting.
You have claws for feet.


Message History

The poisoned needle closely misses you.
You feel very sick.
The kobold shoots a poisoned needle.
The poisoned needle closely misses you.
You see here 3 poisoned needles.
You feel sick.
* * * LOW HITPOINT WARNING * * *
You feel sick.
* * * LOW HITPOINT WARNING * * *
You feel sick.
Your transformation is almost over.
* * * LOW HITPOINT WARNING * * *
You feel sick.
* * * LOW HITPOINT WARNING * * *
You feel sick.
* * * LOW HITPOINT WARNING * * *
You feel sick.
The kobold shoots a poisoned needle.
The poisoned needle hits you!
You are more poisoned.
You see here a poisoned needle.
You die...

#.# #..## #.##.# #.#
#...###.##.#
########.####....Z.##(#####
...............(.K(K.(.Z...
##########.###.##.#######....
...................... ....
########.......#...### ...
#.#.#.(.#..)# ...
#...#@..#...# .. ##
#####...#...# .. .# #...#...#
.###############...# .#
...................#
.###############.#.# .# #...#
.# ##### .#


You could see a kobold and a bullfrog skeleton.

Vanquished Creatures
  3 adders
  2 worms (D:2)
  2 dart slugs (D:1)
  3 leopard geckos
  7 bats
  5 giant cockroaches
  5 hobgoblins
  3 jackals (D:1)
  A quokka (D:2)
  3 frilled lizards (D:1)
  3 goblins
  5 kobolds
  8 rats
50 creatures vanquished.

Notes
Turn   | Place    | Note
-------+----------+-------------------------------------------
     0 | D:1      | Harpaggios the Vine Stalker Transmuter began the quest for the Orb.
     0 | D:1      | Reached XP level 1. HP: 9/9 MP: 4/4
   319 | D:1      | Reached XP level 2. HP: 14/14 MP: 4/6
   600 | D:1      | Reached XP level 3. HP: 4/17 MP: 5/8
  1490 | D:2      | Learned a level 2 spell: Sticks to Snakes
  1698 | D:2      | Gained mutation: Your natural rate of healing is unusually fast. [Vine Stalker growth]
  1698 | D:2      | Reached XP level 4. HP: 11/21 MP: 7/10
  2666 | D:3      | HP: 1/21 [poisoned by a kobold]
  2667 | D:3      | Succumbed to a kobold's poison

Skill      XL: |  1  2  3 |
---------------+----------+-----
Spellcasting   | 3 |  3.6
Transmutations | 3 |  3.5
Fighting       | |  0.8
Dodging        | |  1.5
Unarmed Combat | |  3.0

Action                   |  1- 3 |  4- 6 || total
-------------------------+-------+-------++-------
Melee: Unarmed           |   167 |    57 ||   224
       Bite              |    41 |    17 ||    58
       Kick              |    10 |     4 ||    14
       Punch             |     2 |     1 ||     3
 Cast: Beastly Appendage |     9 |     4 ||    13
  Use: Scroll            |     2 |     6 ||     8
       Potion            |     2 |     1 ||     3
 Stab: Sleeping          |     1 |       ||     1
  Eat: Chunk             |     3 |     2 ||     5
Armor: Robe              |    42 |    17 ||    59
Dodge: Dodged            |   111 |    35 ||   146
